Map: Moondance

Players

Creator - Winner!

  • Race: Protoss Protoss
  • League: Master
  • Spawn Location: 6:00

Maru

  • Race: Terran Terran
  • League: Master
  • Spawn Location: 12:00

VOD

Have the link to the VOD?

Description

Time

  • Played on: Oct. 20, 2022, 9:04 a.m.
  • Length: 13:04
Show
View Real Time Build Order
Export as new Build Order

Creator Protoss - Winner!

Build Orders: 1 Gate Expand, Blink Stalkers 

Get SALT Encoding   

  12  0:00  Probe  
  13  0:12  Probe  
  14  0:17  Pylon  
  14  0:24  Probe (Chrono Boost)  
  15  0:36  Probe (Chrono Boost)  
  15  0:37  Gateway  
  16  0:44  Probe (Chrono Boost)  
  16  0:45  Assimilator  
  17  0:51  Probe  
  18  1:03  Probe  
  19  1:15  Probe  
  20  1:24  Cybernetics Core  
  20  1:33  Nexus  
  20  1:39  Pylon  
  20  1:41  Probe  
  20  1:46  Assimilator  
  21  1:53  Probe  
  22  1:57  Adept (Chrono Boost)  
  22  2:00  Warp Gate  
  24  2:05  Probe  
  25  2:17  Adept (Chrono Boost)  
  25  2:18  Probe  
  27  2:30  Probe  
  27  2:35  Twilight Council  
  28  2:42  Probe  
  29  2:45  Probe  
  29  2:46  Stalker  
  32  2:55  Shield Battery  
  32  2:58  Probe (Chrono Boost)  
  34  3:03  Probe (Chrono Boost)  
  34  3:07  Probe (Chrono Boost), Blink (Chrono Boost)  
  34  3:11  Probe (Chrono Boost)  
  36  3:14  Probe  
  37  3:22  Probe  
  38  3:28  Gateway  
  38  3:31  Gateway  
  38  3:35  Probe  
  38  3:36  Probe  
  38  3:39  Pylon  
  40  3:47  Robotics Facility  
  40  3:49  Stalker  
  42  3:57  Probe x2  
  42  4:09  Probe x2  
  44  4:11  Assimilator  
  44  4:13  Stalker, Assimilator, Pylon  
  46  4:21  Probe x2  
  46  4:22  Stalker  
  47  4:36  Warp Prism (Chrono Boost), Stalker  
  51  4:48  Stalker x2  
  55  4:53  Probe  
  55  4:55  Probe  
  55  4:59  Pylon  
  57  5:07  Probe x2 (Chrono Boost)  
  58  5:14  Stalker x3  
  58  5:19  Probe x2 (Chrono Boost)  
  58  5:20  Shield Battery  
  63  5:24  Observer  
  63  5:27  Probe x2 (Chrono Boost)  
  63  5:28  Pylon  
  66  5:44  Stalker x2  
  66  5:48  Stalker  
  68  5:50  Observer  
  68  5:51  Shield Battery  
  66  6:12  Stalker x3  
  70  6:21  Probe x2  
  70  6:23  Observer  
  73  6:37  Stalker x3  
  75  6:41  Probe x2  
  75  6:43  Templar Archives  
  75  6:44  Pylon  
  77  6:47  Pylon  
  77  6:53  Nexus  
  75  7:04  Probe x2  
  75  7:07  Stalker x3  
  73  7:15  Pylon  
  73  7:16  Probe x2  
  75  7:23  Observer  
  75  7:28  Probe x2 (Chrono Boost)  
  75  7:29  Gateway  
  77  7:31  Gateway  
  77  7:32  High Templar x2  
  81  7:37  Forge  
  81  7:40  Probe x2 (Chrono Boost)  
  83  7:46  Probe x2 (Chrono Boost)  
  85  7:52  Psionic Storm  
  85  7:53  High Templar  
  85  7:55  Probe x2  
  89  8:00  Shield Battery  
  89  8:07  Protoss Ground Weapons Level 1 (Chrono Boost), Probe (Chrono Boost)  
  89  8:09  Probe x2 (Chrono Boost)  
  92  8:14  Charge  
  92  8:19  Probe (Chrono Boost)  
  95  8:21  Probe x2 (Chrono Boost)  
  95  8:26  Probe (Chrono Boost)  
  95  8:27  Probe x2 (Chrono Boost), Gateway  
  96  8:28  Gateway  
  96  8:29  Assimilator  
  96  8:32  Assimilator  
  96  8:38  Photon Cannon  
  96  8:40  Photon Cannon  
  96  8:42  Pylon  
  96  8:43  High Templar x2  
  96  8:44  Zealot x2  
  96  8:46  Immortal  
  96  8:48  Zealot  
  110  8:59  Gateway  
  110  9:03  Photon Cannon  
  110  9:05  Archon  
  110  9:12  Nexus, Pylon  
  108  9:25  Zealot, High Templar x2  
  108  9:26  Zealot x2  
  108  9:30  Archon  
  118  9:36  Stalker x2  
  122  9:41  Robotics Bay  
  122  9:45  Protoss Ground Weapons Level 2 (Chrono Boost)  
  122  9:50  Robotics Facility  
  122  9:51  Sentry  
  122  9:52  Zealot x2  
  127  9:53  Probe x3  
  127  9:55  Zealot  
  127  9:57  Pylon  
  132  10:01  Pylon  
  132  10:03  Photon Cannon  
  132  10:12  Pylon  
  132  10:17  Gateway  
  132  10:18  Gateway, Probe x3  
  135  10:26  Probe  
  136  10:30  Probe  
  136  10:31  Disruptor (Chrono Boost)  
  140  10:36  Dark Shrine  
  140  10:37  Shield Battery, High Templar, Stalker  
  140  10:40  Disruptor (Chrono Boost)  
  147  10:44  Gateway  
  147  10:53  Disruptor (Chrono Boost)  
  150  11:02  Disruptor (Chrono Boost)  
  153  11:07  Gateway  
  153  11:09  Assimilator  
  153  11:10  Probe x2, Pylon  
  154  11:12  Assimilator  
  154  11:15  High Templar x2  
  154  11:16  Zealot x2  
  154  11:17  Nexus  
  162  11:20  Archon  
  165  11:30  Disruptor (Chrono Boost)  
  165  11:32  Pylon  
  165  11:33  Pylon  
  165  11:36  Colossus (Chrono Boost)  
  165  11:38  Pylon  
  167  11:48  Stalker x2  
  170  11:55  Probe x4  
  174  12:03  Disruptor (Chrono Boost)  
  153  12:33  Zealot, High Templar  
  153  12:34  Zealot x7  
  153  12:35  Zealot x3  
  147  12:54  Zealot x5  
  147  12:55  Zealot x5  
Show
View Real Time Build Order
Export as new Build Order

Maru Terran 

Build Orders:  

Get SALT Encoding   

  12  0:00  SCV  
  13  0:12  SCV  
  14  0:17  Supply Depot  
  14  0:24  SCV  
  15  0:38  SCV  
  15  0:39  Barracks  
  16  0:44  Refinery  
  16  0:50  SCV  
  16  0:53  Refinery  
  17  1:02  SCV  
  18  1:14  SCV  
  19  1:26  Reaper, Orbital Command  
  20  1:42  Factory  
  20  1:49  Supply Depot  
  20  1:52  SCV  
  21  1:58  Reaper  
  22  2:04  SCV  
  23  2:16  SCV  
  24  2:24  Command Center  
  24  2:28  Hellion, SCV  
  27  2:37  Supply Depot  
  27  2:41  Starport  
  27  2:44  SCV  
  30  2:51  Widow Mine  
  30  2:56  SCV  
  31  3:08  SCV  
  31  3:11  Barracks Reactor  
  34  3:13  Widow Mine  
  34  3:18  Medivac  
  36  3:20  SCV  
  37  3:32  SCV  
  38  3:35  Factory Tech Lab  
  38  3:36  Orbital Command  
  38  3:39  Bunker  
  38  3:44  SCV  
  38  3:48  Marine x2  
  41  3:56  SCV  
  41  3:59  Factory Tech Lab  
  40  4:06  SCV  
  40  4:08  SCV  
  43  4:11  Banshee, Cloaking Field  
  44  4:18  SCV, Siege Tank  
  44  4:21  SCV  
  49  4:25  Marine x2  
  49  4:30  SCV  
  52  4:33  SCV  
  52  4:37  Supply Depot  
  49  4:42  SCV  
  49  4:44  Marine x2  
  49  4:45  SCV  
  53  4:48  Supply Depot  
  53  4:54  SCV  
  53  4:58  Banshee, Siege Tank  
  53  4:59  SCV  
  61  5:05  Marine  
  62  5:09  SCV, Marine  
  62  5:11  SCV  
  61  5:20  Command Center  
  59  5:21  SCV  
  59  5:22  Marine  
  59  5:23  SCV  
  59  5:25  Refinery  
  59  5:27  Supply Depot, Marine  
  63  5:31  Siege Tank  
  66  5:36  SCV  
  66  5:38  Refinery  
  66  5:40  Marine  
  66  5:41  SCV  
  69  5:47  Banshee  
  69  5:48  SCV  
  70  5:53  SCV  
  70  5:56  Marine  
  68  6:00  SCV  
  67  6:05  SCV  
  67  6:08  Siege Tank  
  67  6:09  Marine  
  65  6:12  SCV  
  65  6:17  SCV  
  63  6:24  SCV  
  59  6:27  Marine  
  59  6:29  SCV  
  59  6:30  Banshee  
  62  6:36  SCV  
  55  6:41  SCV  
  55  6:45  Marine  
  56  6:47  Bunker  
  56  6:48  SCV  
  56  6:53  SCV  
  58  7:01  SCV  
  54  7:02  Marine  
  54  7:04  Orbital Command  
  54  7:05  SCV  
  53  7:13  SCV  
  52  7:17  Barracks  
  52  7:18  SCV, Barracks  
  52  7:20  Marine  
  54  7:25  SCV  
  54  7:29  Siege Tank  
  58  7:30  SCV  
  58  7:31  SCV  
  60  7:37  SCV  
  60  7:38  Marine  
  60  7:42  SCV  
  60  7:43  SCV  
  67  7:49  SCV  
  67  7:52  Raven  
  67  7:54  SCV  
  67  7:56  SCV  
  67  7:57  Engineering Bay  
  68  7:58  Engineering Bay  
  68  8:01  SCV  
  68  8:02  Siege Tank  
  70  8:06  SCV  
  70  8:08  SCV  
  70  8:12  Barracks Reactor, Barracks Tech Lab  
  70  8:13  SCV, Barracks Tech Lab  
  70  8:18  SCV  
  70  8:20  SCV  
  70  8:25  SCV  
  70  8:30  SCV  
  70  8:32  SCV  
  71  8:36  Siege Tank  
  71  8:37  SCV  
  71  8:39  Stimpack  
  74  8:42  SCV  
  74  8:44  SCV, Starport Reactor  
  74  8:45  Missile Turret  
  74  8:46  Supply Depot, Marine x2  
  78  8:49  SCV  
  78  8:52  Terran Infantry Weapons Level 1  
  78  8:54  SCV  
  78  8:55  Marine x2  
  82  8:56  SCV  
  82  8:57  Terran Infantry Armor Level 1  
  82  9:00  Supply Depot  
  82  9:02  SCV  
  84  9:03  Refinery, Marine  
  84  9:06  SCV  
  84  9:08  SCV, Siege Tank  
  90  9:11  Marine  
  90  9:12  Marine x2  
  90  9:14  SCV  
  94  9:18  SCV  
  94  9:20  SCV  
  94  9:21  Marine  
  97  9:24  Ghost Academy  
  97  9:26  SCV  
  97  9:28  Bunker  
  97  9:29  Missile Turret, Marine  
  97  9:30  Marine  
  97  9:31  SCV  
  101  9:32  SCV  
  101  9:36  Missile Turret  
  101  9:38  SCV  
  103  9:40  Siege Tank  
  103  9:41  Barracks  
  103  9:43  SCV, Barracks  
  103  9:44  Marauder  
  109  9:51  Supply Depot x2  
  109  10:11  Supply Depot, Missile Turret  
  109  10:12  SCV x3, Medivac x2  
  109  10:13  Supply Depot, Ghost  
  120  10:14  Supply Depot  
  120  10:15  Missile Turret, Combat Shield  
  120  10:18  Ghost  
  120  10:24  SCV x2  
  120  10:27  Command Center, Armory, Enhanced Shockwaves  
  122  10:34  Missile Turret  
  122  10:37  Barracks Reactor, Barracks Tech Lab  
  122  10:42  Ghost  
  124  10:43  Marine x2  
  124  10:49  Widow Mine  
  128  10:58  Marauder x2  
  128  11:00  Marine  
  133  11:04  Medivac  
  133  11:07  Medivac  
  133  11:08  Marine  
  133  11:10  Widow Mine  
  142  11:11  Marauder  
  142  11:13  Marine x2  
  144  11:22  Marine x2  
  144  11:23  Marine  
  146  11:32  Marine x3  
  149  11:36  Supply Depot x3  
  149  11:38  Marine  
  150  11:40  Marine x3  
  152  11:50  Command Center, Marine  
  152  11:51  Siege Tank  
  152  11:53  Medivac  
  158  12:08  Planetary Fortress, Marine x2  
  152  12:15  Marine  
  152  12:16  Marauder x3, Marine  
  158  12:26  Siege Tank, Marine  
  158  12:29  Marine  
  143  12:33  Marine  
  144  12:37  Marauder x3, Marine  
  144  12:44  Marine  
Tags
 
Add a new tag
Caveats
  • Supply blocks, unpowered buildings, or Contaminate may cause inaccurate times.
  • Supply counts are checked every 10 seconds.